 Dungeon Crawl Stone Soup version 0.29-a0-284-gf9362112df (webtiles) character file.

Game seed: 15435856758846158576

713 Zonian the Chiller (level 7, -3/69 HPs)
             Began as a Demonspawn Ice Elementalist on Mar 22, 2022.
             Was a Believer of Dithmenos.
             Succumbed to horus123's ghost's poison
             ... on level 4 of the Dungeon.
             The game lasted 00:09:33 (7548 turns).

Zonian the Chiller (Demonspawn Ice Elementalist)    Turns: 7548, Time: 00:09:33

Health: -3/69      AC:  6    Str:  8    XL:     7   Next: 41%
Magic:  7/13       EV: 13    Int: 18    God:    Dithmenos [**....]
Gold:   241        SH:  0    Dex: 14    Spells: 8/15 levels left

rFire   + . .      SeeInvis .   j - +0 short sword
rCold   . . .      Faith    .   (no shield)
rNeg    . . .      Spirit   .   s - +2 robe {rF+}
rPois   .          Reflect  .   k - +2 hat
rElec   .          Harm     .   (no cloak)
rCorr   .          Rampage  .   (no gloves)
Will    .....                   (no boots)
Stlth   ..........              (no amulet)
HPRegen 0.21/turn               (no ring)
MPRegen 0.13/turn               (no ring)

@: berserking, lethally poisoned (-3 -> -17), freezing walls, flying, slowed,
wreathed by umbra
A: antennae 1, claws 1, weakness stinger 2
a: Renounce Religion, Shadow Step


You were on level 4 of the Dungeon.
You worshipped Dithmenos.
Dithmenos was pleased with you.
You visited 1 branch of the dungeon, and saw 4 of its levels.

You collected 241 gold pieces.

Inventory:

Hand Weapons
 c - a +0 war axe
 j - a +0 short sword (weapon)
Missiles
 h - 10 boomerangs
Armour
 a - a +1 robe
 i - a +0 helmet
 k - a +2 hat (worn)
 s - a +2 robe of fire resistance (worn)
Magical Staves
 r - a staff of cold
Jewellery
 l - an amulet of faith
Scrolls
 f - a scroll of magic mapping
 g - a scroll of enchant armour
 p - 2 scrolls of teleportation
Potions
 b - 2 potions of magic
 e - a potion of brilliance {unknown}
 m - a potion of heal wounds {unknown}
 n - a potion of curing {unknown}
 o - 2 potions of lignification


   Skills:
 + Level 4.4 Dodging
 - Level 2.7 Stealth
 + Level 4.5 Spellcasting
 + Level 5.5 Ice Magic


You had 8 spell levels left.
You knew the following spells:

 Your Spells              Type           Power      Damage    Failure   Level
a - Freeze                Ice            96%        1d11      1%          1
b - Frozen Ramparts       Ice            48%        1d6       4%          3
c - Ozocubu's Armour      Ice            24%        N/A       4%          3

Your spell library contained the following spells:

 Spells                   Type           Power      Damage    Failure   Level
 Animate Skeleton         Necr           8%         N/A       14%         1
 Apportation              Tloc           8%         N/A       14%         1
 Sandblast                Erth           8%         2d5       14%         1
 Slow                     Hex            16%        N/A       14%         1
 Summon Small Mammal      Summ           16%        N/A       14%         1
 Call Canine Familiar     Summ           4%         N/A       38%         3
 Confusing Touch          Hex            4%         N/A       38%         3
 Summon Guardian Golem    Hex/Summ       4%         N/A       38%         3
 Vampiric Draining        Necr           4%         2d6       38%         3
 Hailstorm                Conj/Ice       14%        3d5       41%         4
 Animate Dead             Necr           2%         N/A       80%         4
 Haunt                    Necr/Summ      2%         N/A       100%        7
 Infestation              Necr           2%         N/A       100%        8


Dungeon Overview and Level Annotations

Branches:
Dungeon (4/15)
 Temple: D:4-7

Altars:
Dithmenos

Shops:
D:4 (

Annotations:
D:4 horus123's ghost, amateur DjCA


Innate Abilities, Weirdness & Mutations

You have a pair of small antennae on your head.
You have sharp fingernails.
You have a tail ending in a sharp stinger.


Message History

Aim: a hornet (severely wounded, umbra)
You freeze the hornet.
The hornet is almost dead.
The wall freezes the hornet.
The hornet stings you!
You are poisoned.
You feel as though you will be slow longer.
The wall freezes the hornet.
The hornet stings you!
* * * LOW HITPOINT WARNING * * *
You suddenly lose the ability to move!
Horus123's ghost is frozen!
The wall freezes horus123's ghost.
You can move again.
It was a potion of flight.
You feel very buoyant.
You fly up into the air.
The frozen ramparts melt away.
* * * LOW HITPOINT WARNING * * *
You feel very sick.
The hornet barely misses you. x2; The hornet closely misses you.
Casting: Freeze (safe; 1% risk of failure)
Confirm with . or Enter, or press ? or * to list all spells.
Casting: Frozen Ramparts (dangerous; 4% risk of failure)
Press: ? - help, Dir - look around, f - activate This square is wreathed by an umbra.
The walls around you are covered in ice.
The goblin shouts!
* * * LOW HITPOINT WARNING * * *
You feel very sick.
The wall freezes the hornet.
You kill the hornet!
Dithmenos accepts your kill.
Horus123's ghost is frozen!
The wall freezes horus123's ghost!
Horus123's ghost hits you.
* * * LOW HITPOINT WARNING * * *
You are more poisoned.
Horus123's ghost is frozen!
The wall freezes horus123's ghost!
Horus123's ghost barely misses you.
Unknown command.
It was a potion of berserk rage.
A red film seems to cover your vision as you go berserk!
You feel yourself moving faster!
You feel mighty!
You die...

..##........>..##÷#.##..[.#.# #
...............##...##......### #
................#..###...#....###
.........##..##........####.#...#
......................## #.###..
....#.............#.### #.# #..
##..#..........#......# #.# ##.
##..#..........#..#...#####.###..
...............†@..............†.
......##......gW#####.#####.###.#
.......#.......## #.......###.#
.....#.........# ##.####..##.#
..)#.###.......## #....#..#..#
...#..##....#...######...........
...##....#....#........##...##.##
...##..####.(........#####..####
...##<.# #..###.###..####..#####


You could see horus123's ghost and a goblin.

Vanquished Creatures
  A hornet (D:4)
  2 ogres (D:4)
  2 scorpions (D:4)
  A hound (D:4)
  3 iguanas
  5 adders
  5 worms
  2 dart slugs
  4 orcs
  6 endoplasms
  4 giant cockroaches
  2 goblins
  7 hobgoblins
  4 jackals
  5 kobolds
  4 quokkas
  5 ball pythons
  6 bats
  12 frilled lizards
  4 rats
84 creatures vanquished.

Vanquished Creatures (others)
  11 plants
11 creatures vanquished.

Grand Total: 95 creatures vanquished

Notes
Turn   | Place    | Note
-------+----------+-------------------------------------------
     0 | D:1      | Zonian the Demonspawn Ice Elementalist began the quest for
                  | the Orb.
     0 | D:1      | Reached XP level 1. HP: 13/13 MP: 3/3
   391 | D:1      | Discovered your monstrous ancestry.
   391 | D:1      | Gained mutation: You have a pair of small antennae on your
                  | head. [demonic ancestry]
   391 | D:1      | Reached XP level 2. HP: 15/19 MP: 0/5
  1962 | D:2      | Gained mutation: You have a small tail. [demonic ancestry]
  1962 | D:2      | Reached XP level 3. HP: 20/24 MP: 0/6
  2626 | D:2      | Reached skill level 4 in Ice Magic
  2846 | D:2      | Reached XP level 4. HP: 23/30 MP: 0/7
  3219 | D:2      | Learned a level 3 spell: Frozen Ramparts
  3223 | D:2      | Learned a level 3 spell: Ozocubu's Armour
  4076 | D:3      | Identified the +3 ring mail "Ycyt" {-Tele rC+ rN+ Str+3}
  4213 | D:3      | Found a faded altar of an unknown god.
  4227 | D:3      | Got Plato's Almanac of Clay
  4228 | D:3      | Prayed at the altar of an unknown god.
  4228 | D:3      | Became a worshipper of Dithmenos the Shadowed
  4228 | D:3      | Reached * piety under Dithmenos
  4374 | D:3      | Reached XP level 5. HP: 33/35 MP: 6/9
  5086 | D:4      | Noticed an ogre
  5113 | D:4      | Found a runed translucent gate.
  5114 | D:4      | Found a runed translucent gate.
  5312 | D:4      | Found a runed translucent gate.
  5312 | D:4      | Noticed a hornet
  5317 | D:4      | Noticed horus123's ghost (amateur DjCA)
  5422 | D:4      | Noticed an ogre
  5555 | D:4      | Found Momymithrust's Weapon Shoppe.
  5695 | D:4      | Reached ** piety under Dithmenos
  5915 | D:4      | Gained mutation: You have sharp fingernails. [demonic
                  | ancestry]
  5915 | D:4      | Reached XP level 6. HP: 30/41 MP: 7/11
  6485 | D:4      | Reached skill level 5 in Ice Magic
  7109 | D:4      | Gained mutation: You have a tail ending in a sharp stinger.
                  | [demonic ancestry]
  7109 | D:4      | Reached XP level 7. HP: 46/46 MP: 9/13
  7545 | D:4      | Paralysed by a hornet for 1 turns
  7547 | D:4      | Killed a hornet
  7547 | D:4      | HP: 1/46 [horus123's ghost (5)]
  7548 | D:4      | Succumbed to horus123's ghost's poison

Illustrated notes

Levels and vault maps discovered:
D:1:      saegor_arrival_simple_e, layout_loops_ring
D:2:      layout_basic, chequers_big_river, minmay_circle_x
D:3:      layout_basic, shapermc_ecumenical_altar_rom_forum,
          chequers_serial_rivers_small_a, minmay_fountain_box,
          saegor_snake_ambush
D:4:      layout_rooms, serial_shops, shop, gammafunk_ghost_split,
          minmay_lizard_king

Skill      XL: |  1  2  3  4  5  6 |
---------------+-------------------+-----
Dodging        | 2 3 4 |  4.4
Stealth        | 2 |  2.7
Ice Magic      | 4 5 |  5.5
Spellcasting   | 3 4 |  4.5

Action                   |  1- 3 |  4- 6 |  7- 9 || total
-------------------------+-------+-------+-------++-------
Melee: War axe           |    53 |    28 |       ||    81
       Unarmed           |     1 |       |       ||     1
       Tailslap          |       |    12 |     2 ||    14
       Short sword       |       |    32 |    10 ||    42
 Cast: Freeze            |    39 |    59 |     1 ||    99
       Frozen Ramparts   |       |     3 |     2 ||     5
       Ozocubu's Armour  |       |     1 |       ||     1
  Use: Scroll            |       |     9 |       ||     9
       Potion            |       |       |     2 ||     2
 Stab: Sleeping          |     5 |     2 |       ||     7
       Distracted        |       |     1 |       ||     1
Armor: Robe              |    25 |    19 |     3 ||    47
Dodge: Dodged            |    74 |    72 |    13 ||   159

Table legend: (Time is in decaauts)
 A = Elapsed time spent in this place.
 B = Non-inter-level travel time spent in this place.
 C = Inter-level travel time spent in this place.
 D = Time resting spent in this place.
 E = Time spent auto-exploring this place.
 F = Levels seen in this place.
 G = Mean time per level.
                   A        B        C        D        E       F      G
               +--------+--------+--------+--------+--------+-----+--------+
         Total |   7620 |   7470 |    150 |   3219 |   3109 |   4 | 1905.0 |
       Dungeon |   7620 |   7470 |    150 |   3219 |   3109 |   4 | 1905.0 |
               +--------+--------+--------+--------+--------+-----+--------+

Top non-repeatable levels by time:
     D:4: 2259 daAuts
     D:2: 1988 daAuts
     D:1: 1811 daAuts
     D:3: 1561 daAuts
